 Dungeon Crawl Stone Soup version 0.21-a0-442-g848f44b (webtiles) character file.

89 slep the Slasher (level 4, 0/35 HPs)
             Began as a Demonspawn Monk on Nov 14, 2017.
             Slain by an adder (3 damage)
             ... on level 3 of the Dungeon.
             The game lasted 00:06:02 (1417 turns).

slep the Slasher (Demonspawn Monk)                  Turns: 1417, Time: 00:06:03

Health: 0/35       AC:  4    Str: 16    XL:     4   Next: 31%
Magic:  4/4        EV: 13    Int: 12    God:
Gold:   95         SH:  0    Dex: 16    Spells: 3/3 levels left

rFire    . . .     SeeInvis .   a - +0 falchion
rCold    . . .     Gourm    .   (no shield)
rNeg     . . .     Faith    .   o - +0 leather armour (curse)
rPois    .         Spirit   .   (no helmet)
rElec    .         Reflect  .   q - +0 cloak
rCorr    .         Harm     .   (no gloves)
MR       .....                  (no boots)
Stlth    ++........             (no amulet)
HPRegen  0.11/turn              d - +5 ring of strength
MPRegen  0.09/turn              (no ring)

@: lethally poisoned (0 -> -6)
A: talons 1, sturdy frame 1
a: no special abilities


You were on level 3 of the Dungeon.
You were hungry.

You visited 1 branch of the dungeon, and saw 3 of its levels.

You collected 95 gold pieces.

Inventory:

Hand Weapons
 a - a +0 falchion (weapon)
Armour
 b - a +0 robe
 k - a +1 leather armour of fire resistance
 o - a cursed +0 leather armour (worn)
 q - a +0 cloak (worn)
Jewellery
 d - a +5 ring of strength (left hand)
Scrolls
 e - 3 scrolls of identify {unknown}
 g - 2 scrolls of remove curse {unknown}
 h - a scroll of blinking {unknown}
 i - a scroll of fear {unknown}
 j - a scroll of enchant weapon {unknown}
 l - a scroll of amnesia {unknown}
 n - 2 scrolls of teleportation {unknown}
Potions
 m - 3 potions of curing {unknown}
 p - a potion of mutation {unknown}
Comestibles
 c - 3 bread rations
 f - a royal jelly


   Skills:
 + Level 3.4 Fighting
 + Level 3.5 Long Blades
 + Level 0.3 Armour
 + Level 3.2 Dodging
 + Level 2.5 Stealth


You had 3 spell levels left.
You didn't know any spells.

Dungeon Overview and Level Annotations

Branches:
Dungeon (3/15)

Altars:
Dithmenos


Innate Abilities, Weirdness & Mutations

You have sharp toenails.
Your movements are slightly less encumbered by armour. (ER -2)


Message History

You feel sick. The adder completely misses you. The adder barely misses you.
You riposte.
You barely miss the adder. You hit the adder.
The adder is moderately wounded.
You feel sick. The adder bites you.
* * * LOW HITPOINT WARNING * * *
The adder closely misses you.
You hit the adder.
The adder is heavily wounded.
* * * LOW HITPOINT WARNING * * *
You feel sick. The adder bites you.
* * * LOW HITPOINT WARNING * * *
You barely miss the adder. Your kick misses the adder.
The adder is heavily wounded.
The adder barely misses you.
You barely miss the adder.
The adder is heavily wounded.
* * * LOW HITPOINT WARNING * * *
You feel sick. The adder closely misses you. The adder bites you.
You die...

...... .....
.... ... h. #.#
h# #.# ####S####
##.# #..@....#
##.# #.#####.#
.#.# #####.#
.#.# #.....#
.#.#######.###.#
.....>)..(.# #.#
##.######..# #..
...# #..# ####
#########..#


You could see an adder and 2 jackals.

Vanquished Creatures
  Crazy Yiuf (D:2)
  An adder (D:2)
  2 dart slugs (D:1)
  3 giant cockroaches
  6 goblins
  9 hobgoblins
  2 jackals (D:3)
  9 bats
  2 frilled lizards
  5 kobolds
  6 rats
46 creatures vanquished.

Notes
Turn   | Place    | Note
-------+----------+-------------------------------------------
     0 | D:1      | slep the Demonspawn Monk began the quest for the Orb.
     0 | D:1      | Reached XP level 1. HP: 18/18 MP: 1/1
    81 | D:1      | Gained mutation: You have sharp toenails. [demonic ancestry]
    81 | D:1      | Reached XP level 2. HP: 24/24 MP: 2/2
   563 | D:2      | Found a shadowy altar of Dithmenos.
   571 | D:2      | Gained mutation: Your movements are slightly less encumbered by armour. (ER -2) [demonic ancestry]
   571 | D:2      | Reached XP level 3. HP: 29/29 MP: 3/3
   870 | D:2      | HP: 1/29 [kobold (4)]
  1228 | D:2      | Found a runed door.
  1232 | D:2      | Noticed Crazy Yiuf
  1238 | D:2      | Killed Crazy Yiuf
  1238 | D:2      | Reached XP level 4. HP: 11/35 MP: 4/4
  1417 | D:3      | Slain by an adder

Vault maps used:
D:1:      minmay_arrival_five_plusses, minmay_misc_feat_rows
D:2:      grunt_dithmenos_smoke, uniq_crazy_yiuf_cottage
D:3:      hangedman_ru_absence, first_bread,
          chequers_ecumenical_altar_simple_redux, mrwooster_statue_mirror,
          uniq_natasha, uniq_terence

Skill      XL: |  1  2 |
---------------+-------+-----
Long Blades    | 3 |  3.5
Dodging        | 3 |  3.2
Stealth        | 2 |  2.5
Fighting       | |  3.4
Armour         | |  0.3

Action                   |  1- 3 |  4- 6 || total
-------------------------+-------+-------++-------
Melee: Falchion          |    94 |    18 ||   112
       Kick              |    26 |     4 ||    30
 Stab: Sleeping          |     9 |       ||     9
  Eat: Chunk             |     1 |       ||     1
Armor: Robe              |     7 |       ||     7
       Leather armour    |     9 |     3 ||    12
Dodge: Dodged            |    59 |    14 ||    73
       Rpst.: Falchion   |    16 |     3 ||    19

Table legend:
 A = Spawn XP
 B = Non-spawn XP
 C = Spawn XP percentage of total XP
 D = Spawn monster count
 E = Non-spawn monster count
 F = Spawn count percentage of total count
 G = Total turns spent on level
                    A         B        C        D         E        F      G
               +---------+---------+-------+---------+---------+-------+---------
         Total |       0 |     128 |   0.0 |       0 |      46 |   0.0 |  1417
               +---------+---------+-------+---------+---------+-------+---------
           D:1 |       0 |      39 |   0.0 |       0 |      23 |   0.0 |   563
           D:2 |       0 |      81 |   0.0 |       0 |      19 |   0.0 |   784
           D:3 |       0 |       8 |   0.0 |       0 |       4 |   0.0 |    70
               +---------+---------+-------+---------+---------+-------+---------
